 Dungeon Crawl Stone Soup version 0.27.1-1-g398f81649c (webtiles) character file.

Game seed: 1269688100130738853

237 DuloT34 the Skirmisher (level 6, 0/56 HPs)
             Began as a Ghoul Monk on Sept 9, 2021.
             Was a Priest of Kikubaaqudgha.
             Slain by a gnoll (6 damage)
             ... on level 3 of the Dungeon.
             The game lasted 00:04:03 (2037 turns).

DuloT34 the Skirmisher (Ghoul Monk)                 Turns: 2037, Time: 00:04:04

Health: 0/56       AC:  3    Str: 16    XL:     6   Next: 6%
Magic:  5/5        EV: 13    Int:  5    God:    Kikubaaqudgha [***...]
Gold:   40         SH:  0    Dex: 12    Spells: 5/5 levels left

rFire    . . .     SeeInvis .     - Unarmed
rCold    + . .     Faith    .   (no shield)
rNeg     + + +     Spirit   .   g - +0 leather armour
rPois    ∞         Reflect  .   (no helmet)
rElec    .         Harm     .   (no cloak)
rCorr    .         Rampage  .   (no gloves)
Will     .....                  (no boots)
Stlth    ++........             (no amulet)
HPRegen  0.00/turn              (no ring)
MPRegen  0.09/turn              (no ring)

@: inhibited regen
A: claws 1, cold resistance 1, negative energy resistance 3, inhibited
regeneration, torment resistance 2
a: Renounce Religion, Receive Corpses


You were on level 3 of the Dungeon.
You worshipped Kikubaaqudgha.
Kikubaaqudgha was most pleased with you.
You visited 1 branch of the dungeon, and saw 3 of its levels.

You collected 40 gold pieces.

Inventory:

Armour
 a - a +0 robe
 g - a +0 leather armour (worn)
Scrolls
 c - 3 scrolls of identify {unknown}
 h - a scroll of vulnerability {unknown}
Potions
 b - a potion of flight {unknown}
 d - a potion of curing
 e - a potion of ambrosia {unknown}
 f - a potion of heal wounds {unknown}


   Skills:
 + Level 5.6 Fighting
 + Level 4.6 Dodging
 - Level 2.1 Stealth
 - Level 3.2 Unarmed Combat


You had 5 spell levels left.
You didn't know any spells.
Your spell library contained the following spells:

 Spells                   Type           Power      Damage    Failure   Level
 Animate Skeleton         Necr           0%         N/A       54%         1
 Magic Dart               Conj           0%         1d3       54%         1
 Pain                     Necr           0%         1d4       54%         1
 Call Imp                 Summ           0%         N/A       69%         2
 Corpse Rot               Necr/Air       N/A        N/A       69%         2
 Ignite Poison            Fire/Tmut/Pois 0%         N/A       89%         3
 Mephitic Cloud           Conj/Pois/Air  0%         N/A       89%         3
 Stone Arrow              Conj/Erth      0%         3d7       89%         3
 Vampiric Draining        Necr           0%         2d6       89%         3
 Animate Dead             Necr           0%         N/A       100%        4
 Dispel Undead            Necr           0%         3d6       100%        4
 Agony                    Necr           0%         N/A       100%        5
 Bolt of Magma            Conj/Fire/Erth 0%         4d4       100%        5
 Borgnjor's Vile Clutch   Necr/Erth      0%         N/A       100%        5
 Excruciating Wounds      Necr           0%         N/A       100%        5
 Shatter                  Erth           0%         3d5*      100%        9


Dungeon Overview and Level Annotations

Branches:
Dungeon (3/15)

Altars:
Kikubaaqudgha


Innate Abilities, Weirdness & Mutations

You thrive by killing the living.
You are immune to poison.
You have sharp fingernails.
Your flesh is cold resistant. (rC+)
You are immune to negative energy. (rN+++)
You do not regenerate when monsters are visible.
You are immune to unholy pain and torment.


Message History

There is an open door here.
You open the door.
There is an open door here.
You open the door. 3 gnolls come into view.
The gnoll shouts! x2
The gnoll hits you from afar with a +0 halberd.
Found 9 gold pieces.
Found 12 sling bullets.
The gnoll barely misses you.
There is an open door here.
The gnoll misses you.
The gnoll shouts!
The gnoll hits you with a +0 spear.
The gnoll hits you from afar with a +0 halberd!
You scratch the gnoll.
The gnoll is moderately wounded.
The gnoll hits you with a +0 spear.
The gnoll hits you from afar with a +0 halberd!
You scratch the gnoll.
The gnoll is heavily wounded.
The gnoll hits you but does no damage. The gnoll barely misses you.
You scratch the gnoll.
The gnoll is severely wounded.
The gnoll hits you with a +0 spear!
* * * LOW HITPOINT WARNING * * *
The gnoll hits you from afar with a +0 halberd!
* * * LOW HITPOINT WARNING * * *
You scratch the gnoll.
The gnoll is almost dead.
The gnoll hits you with a +0 spear.
* * * LOW HITPOINT WARNING * * *
The gnoll barely misses you.
Okay, then.
Okay, then.
It was a potion of curing.
You feel better. The gnoll hits you with a +0 spear!
* * * LOW HITPOINT WARNING * * *
The gnoll barely misses you.
The gnoll hits you from afar with a +0 spear.
You die...
Kikubaaqudgha rasps: "You have failed me!
Welcome... oblivion!"

# #......#
#######......# ##
#......###'######
.. #'####.#
#......# (#
.....#.# ######.#
.# .....#.# #.#
.#### .....#.#
#.# ....#
.....#.#
###.####....#
####.#.#
#...@.ggg...#
.#.#
########....# ##
...$# #+###


You could see 3 gnolls.

Vanquished Creatures
  Sigmund (D:2)
  An orc wizard (D:3)
  5 dart slugs
  2 orcs (D:3)
  An endoplasm (D:2)
  A giant cockroach (D:2)
  4 goblins
  2 hobgoblins (D:1)
  5 kobolds
  5 quokkas
  5 ball pythons (D:1)
  8 bats
  2 frilled lizards (D:1)
  3 rats
45 creatures vanquished.

Notes
Turn   | Place    | Note
-------+----------+-------------------------------------------
     0 | D:1      | DuloT34 the Ghoul Monk began the quest for the Orb.
     0 | D:1      | Reached XP level 1. HP: 19/19 MP: 0/0
   188 | D:1      | Reached XP level 2. HP: 26/26 MP: 1/1
   388 | D:1      | Reached XP level 3. HP: 19/33 MP: 2/2
   389 | D:1      | Reached skill level 4 in Fighting
   657 | D:1      | Found a faded altar of an unknown god.
   666 | D:1      | Became a worshipper of Kikubaaqudgha
   666 | D:1      | Reached * piety under Kikubaaqudgha
   666 | D:1      | Received a gift from Kikubaaqudgha
   666 | D:1      | Reached ** piety under Kikubaaqudgha
   997 | D:2      | Reached *** piety under Kikubaaqudgha
   997 | D:2      | Received a gift from Kikubaaqudgha
  1015 | D:2      | Noticed Sigmund
  1027 | D:2      | Killed Sigmund
  1028 | D:2      | Reached skill level 5 in Fighting
  1028 | D:2      | Reached XP level 4. HP: 25/42 MP: 3/3
  1028 | D:2      | Reached XP level 5. HP: 28/48 MP: 4/4
  1827 | D:3      | Reached XP level 6. HP: 33/56 MP: 5/5
  2037 | D:3      | Slain by a gnoll

Illustrated notes

Levels and vault maps discovered:
D:1:      eino_arrival_cavern_a, layout_rooms, ebering_ecumenical_altar_ruins
D:2:      layout_basic, minmay_misc_feat_diagonals, uniq_sigmund
D:3:      layout_basic, minmay_misc_feat_x

Skill      XL: |  1  2  3 |
---------------+----------+-----
Dodging        | 3 4 |  4.6
Fighting       | 5 |  5.6
Stealth        | |  2.1
Unarmed Combat | |  3.2

Action                   |  1- 3 |  4- 6 || total
-------------------------+-------+-------++-------
Melee: Unarmed           |   105 |    51 ||   156
       Punch             |     1 |       ||     1
  Use: Potion            |       |     1 ||     1
 Stab: Sleeping          |     6 |     3 ||     9
Armor: Robe              |    30 |     8 ||    38
       Leather armour    |       |     1 ||     1
Dodge: Dodged            |    69 |    27 ||    96
